 Dungeon Crawl Stone Soup version 0.29-a0-322-g68df515428 (webtiles) character file.

Game seed: 18332023502561768984

1178 spaghetti the Skirmisher (level 8, -1/61 HPs)
             Began as a Demonspawn Berserker on Apr 9, 2022.
             Was a Believer of Trog.
             Killed from afar by an electric eel (8 damage)
             ... with a bolt of electricity
             ... on level 6 of the Dungeon.
             The game lasted 00:08:41 (6053 turns).

spaghetti the Skirmisher (Demonspawn Berserker)     Turns: 6053, Time: 00:08:41

Health: -1/61      AC:  7    Str: 25    XL:     8   Next: 18%
Magic:  0/8        EV: 13    Int: 10    God:    Trog [**....]
Gold:   276        SH:  0    Dex: 12    Spells: 7/7 levels left

rFire   . . .      SeeInvis .     - Unarmed
rCold   . . .      Faith    .   (no shield)
rNeg    . . .      Spirit   +   b - +0 animal skin
rPois   .          Reflect  .   (no helmet)
rElec   .          Harm     .   D - +0 cloak
rCorr   .          Rampage  .   (no gloves)
Will    ++...                   (no boots)
Stlth   +.........              B - amulet of regeneration {@e2}
HPRegen 2.00/turn               e - +6 ring of strength
MPRegen 0.22/turn               r - +4 ring of protection

@: mighty, strong-willed, on berserk cooldown, regenerating, slowed, very slow
A: claws 1, ignite blood 1, magic shield, magic regeneration
a: Renounce Religion, Berserk, Trog's Hand


You were on level 6 of the Dungeon.
You worshipped Trog.
Trog was pleased with you.
You visited 1 branch of the dungeon, and saw 6 of its levels.

You collected 314 gold pieces.
You spent 38 gold pieces at shops.


Innate Abilities, Weirdness & Mutations

You have sharp fingernails.
Your demonic aura sometimes causes spilled blood to erupt in flames.
When hurt, damage is shared between your health and your magic reserves.
You regenerate magic rapidly.


   Skills:
 + Level 4.6 Fighting
 - Level 2.6 Axes
 + Level 4.1 Throwing
 + Level 3.7 Armour
 + Level 3.6 Dodging
 * Level 3.8 Unarmed Combat
 + Level 3.2 Evocations


You had 7 spell levels left.
You didn't know any spells.
Your spell library contained the following spells:

 Spells                   Type           Power      Damage    Failure   Level
 Corpse Rot               Necr/Air       0%         N/A       50%         2
 Ignite Poison            Fire/Tmut/Pois 0%         N/A       75%         3
 Mephitic Cloud           Conj/Pois/Air  0%         N/A       75%         3
 Dispel Undead            Necr           0%         3d6       98%         4
 Freezing Cloud           Conj/Ice/Air   0%         6-21      100%        5
 Death Channel            Necr           0%         N/A       100%        6

Inventory:

Hand Weapons
 a - a +0 hand axe {axe}
 h - a +2 vampiric dagger {short}
   (You found it on level 1 of the Dungeon)
 o - a +0 spear {polearm}
   (You took it off a gnoll on level 5 of the Dungeon)
 u - a +1 vampiric dagger {short}
   (You took it off a kobold on level 2 of the Dungeon)
 w - a +0 flail {mace}
   (You took it off a gnoll on level 5 of the Dungeon)
 z - a +0 flail {mace}
   (You took it off a gnoll on level 5 of the Dungeon)
 E - a +0 halberd {polearm}
   (You took it off a gnoll on level 5 of the Dungeon)
 F - a +0 halberd {polearm}
   (You took it off a gnoll on level 5 of the Dungeon)
 G - a +0 flail {mace}
   (You took it off a gnoll on level 5 of the Dungeon)
 H - a +0 morningstar {mace}
   (You took it off an orc on level 5 of the Dungeon)
 I - a +0 dagger {short}
   (You took it off an orc on level 5 of the Dungeon)
Missiles
 c - 85 stones (quivered) {throwing}
 d - 6 boomerangs {throwing}
 p - 10 poisoned darts {throwing}
Armour
 b - a +0 animal skin (worn)
 D - a +0 cloak (worn)
   (You found it on level 4 of the Dungeon)
Magical Staves
 m - a staff of earth {forbidden!astaff}
   (You found it on level 3 of the Dungeon)
Jewellery
 e - a +6 ring of strength (left claw)
   (You found it on level 1 of the Dungeon)
 n - a ring of positive energy
   (You found it on level 3 of the Dungeon)
 r - a +4 ring of protection (right claw)
   (You took it off a goblin on level 2 of the Dungeon)
 B - an amulet of regeneration (around neck) {@e2}
   (You found it on level 4 of the Dungeon)
 M - a ring of ice
   (You found it on level 6 of the Dungeon)
Wands
 q - a wand of mindburst (13)
   (You found it on level 3 of the Dungeon)
 J - a wand of digging (3)
   (You found it on level 5 of the Dungeon)
Scrolls
 f - 3 scrolls of immolation {!r!r}
 g - 2 scrolls of brand weapon
 i - a scroll of amnesia {unknown}
 k - 2 scrolls of torment {!r}
 t - a scroll of enchant armour
 x - 2 scrolls of fear
 y - a scroll of vulnerability {!r!r}
 A - a scroll of silence {!r}
 C - a scroll of holy word {unknown}
 L - 2 scrolls of teleportation {unknown}
Potions
 j - 2 potions of brilliance {unknown}
 l - 3 potions of curing {@q1}
 v - 2 potions of might
 K - a potion of haste {unknown}
 N - a potion of magic

Dungeon Overview and Level Annotations

Branches:
Dungeon (6/15)
 Temple: D:4-7

Altars:
Wu Jian

Shops:
D:3 [   D:5 *

Annotations:
D:1 exclusion: door

# ## #P#
##♣≈≈# #P≈≈≈≈
####
#≈≈≈P≈###....
♣≈≈≈≈♣....#
#♣≈≈P≈@YJ..###
#≈P≈≈SPY..≈..#
#≈P≈≈oo...≈♣.#
♣≈≈≈≈≈...≈≈♣♣
≈P≈≈≈≈o....≈≈♣
♣≈P≈≈≈≈....≈P♣
♣♣≈≈P≈♣...≈≈≈♣
≈≈((≈≈...≈≈≈♣
≈PP(≈....≈≈≈♣


You could see a sky beast (corroded, ally target), an electric eel (ally
target), a friendly sky beast (summoned), a friendly jelly (summoned) and 3
friendly orcs.


Message History

😮 HP[+1]
You claw the hound! The hound closely misses you.
Something hits you but does no damage.
You claw the hound!
You kill the hound!
Trog accepts your kill. Something hits you. Something shocks you. 😮 HP[-5]
You take 5 damage, and now have 48/91 hp. 😮 HP[+1]
You enter the shallow water.
Moving in this stuff is going to be slow.
You feel a strong urge to attack something.
You are no longer berserk.
You are exhausted.
You feel yourself slow down.
The electric eel shoots out a bolt of lightning at you!
The bolt of electricity hits you!
* * * LOW HITPOINT WARNING * * *
The bolt of electricity hits the plant!
The plant begins to die.
A sky beast appears from thin air!
Reactivating autopickup. 😨 HP[-25] MP[-2]
You now have 61 max hp (-30).
You lost 2 mp, and now have 2/8 mp.
Unknown command.
Unknown command.
Your unstable footing causes you to fumble your attack. 😨 HP[+2] MP[+1]
You regained 2 hp, and now have 26/61 hp.
Your unstable footing causes you to fumble your attack.
The electric eel shoots out a bolt of lightning at you!
The bolt of electricity hits you!
* * * LOW HITPOINT WARNING * * *
The bolt of electricity hits the plant!
The sky beast hits you but does no damage.
The sky beast closely misses you. 😨 HP[-9] MP[-1]
You take 9 damage, and now have 17/61 hp.
You lost 1 mp, and now have 2/8 mp.
Unknown command.
Unknown command.
You feel very mighty all of a sudden. The sky beast hits you.
* * * LOW HITPOINT WARNING * * *
The sky beast shocks you.
* * * LOW HITPOINT WARNING * * *
😱 HP[-5] MP[-2]
You take 5 damage, and now have 12/61 hp.
You lost 2 mp, and now have 0/8 mp.
Unknown command.
Unknown command.
Unknown command.
Unknown command.
You claw the electric eel!
A nearby plant withers and dies.
The sky beast hits you but does no damage.
The sky beast hits you.
* * * LOW HITPOINT WARNING * * *
The sky beast shocks you.
* * * LOW HITPOINT WARNING * * *
😱 HP[-5] MP[+1]
You take 5 damage, and now have 7/61 hp.
Unknown command.
As you read the scroll of summoning, it crumbles to dust.
Wisps of shadow whirl around you...
The sky beast barely misses you. 😱 HP[+1] Unknown command.
Unknown command.
Unknown command.
You feel better.
The electric eel shoots out a bolt of lightning at you!
The bolt of electricity hits you.
* * * LOW HITPOINT WARNING * * *
The bolt of electricity hits your orc. The sky beast hits you.
* * * LOW HITPOINT WARNING * * *
The sky beast shocks you.
* * * LOW HITPOINT WARNING * * *
Your orc closely misses the electric eel.
Your orc hits the sky beast with a +0 short sword.
Your jelly hits the sky beast.
The sky beast is splashed with acid.
The acid corrodes the sky beast!
The sky beast hits you but does no damage.
The electric eel shoots out a bolt of lightning at you!
The bolt of electricity hits you.
* * * LOW HITPOINT WARNING * * *
The bolt of electricity hits your orc!
Your orc dies!
Your orc's corpse dissolves into shadows! 😱 HP[-4] MP[-1]
You take 4 damage, and now have 4/61 hp.
You lost 1 mp, and now have 0/8 mp.
Your skin crawls.
You feel strong-willed.
Your orc closely misses the electric eel.
Your sky beast hits the sky beast.
Your sky beast shocks the sky beast.
The sky beast completely resists.
Your jelly closely misses the sky beast.
Your orc closely misses the electric eel.
The electric eel shoots out a bolt of lightning at you!
The bolt of electricity hits you!
You die...

Skill      XL: |  1  2  3  4  5  6  7 |
---------------+----------------------+-----
Armour         | 2 3 |  3.7
Dodging        | 2 3 |  3.6
Throwing       | 1 2 3 4 |  4.1
Evocations     | 1 2 3 |  3.2
Unarmed Combat | 1 2 3 |  3.8
Fighting       | 4 |  4.6
Axes           | |  2.6

Action                   |  1- 3 |  4- 6 |  7- 9 || total
-------------------------+-------+-------+-------++-------
Melee: Hand axe          |    74 |   157 |    20 ||   251
       Punch             |     1 |     2 |     4 ||     7
       Unarmed           |       |       |   108 ||   108
Throw: Stone             |   103 |    91 |    60 ||   254
Invok: Berserk           |     3 |     4 |     6 ||    13
       Trog's Hand       |       |       |     1 ||     1
  Use: Potion            |       |     7 |     2 ||     9
       Scroll            |       |       |     9 ||     9
Armor: Animal skin       |    11 |    65 |    38 ||   114
Dodge: Dodged            |    35 |   105 |    72 ||   212

Levels and vault maps discovered:
D:1:      dpeg_arrival_tiny_a, layout_basic,
          dreamdust_ecumenical_altar_sealed_demon
D:2:      layout_basic
D:3:      layout_basic, nicolae_wu_jian_wuxing_cycle, serial_shops,
          nicolae_square_shop
D:4:      layout_rooms, minmay_strange_pillars, serial_bayou_pond_e,
          interstate_on_off, minmay_pentomino_pile
D:5:      layout_basic, serial_shops, nicolae_shop_overgrown_old_shop, uniq_ijyb
D:6:      layout_loops_ring, serial_bayou_ford_a

Notes
Turn   | Place    | Note
-------+----------+-------------------------------------------
     0 | D:1      | spaghetti the Demonspawn Berserker began the quest for the
                  | Orb.
     0 | D:1      | Reached XP level 1. HP: 18/18 MP: 1/1
     0 | D:1      | magus.rc [v1.9.6]
   413 | D:1      | Gained mutation: You regenerate magic rapidly. [demonic
                  | ancestry]
   413 | D:1      | Reached XP level 2. HP: 24/24 MP: 2/2
   414 | D:1      | Reached skill level 2 in Armour
   414 | D:1      | Reached skill level 2 in Dodging
   507 | D:1      | Reached skill level 1 in Throwing
   950 | D:1      | Found a faded altar of an unknown god.
   950 | D:1      | Noticed a rust devil
  1387 | D:2      | You fall into a shaft and drop 1 floor!
  1387 | D:3      | Found an ornate altar of the Wu Jian Council.
  1588 | D:3      | Gained mutation: Your demonic aura sometimes causes spilled
                  | blood to erupt in flames. [demonic ancestry]
  1588 | D:3      | Reached XP level 3. HP: 26/29 MP: 3/3
  2620 | D:2      | HP: 7/29 [poisoned by an adder]
  3024 | D:3      | Reached skill level 2 in Throwing
  3024 | D:3      | Reached skill level 1 in Evocations
  3024 | D:3      | Gained mutation: You have sharp fingernails. [demonic
                  | ancestry]
  3024 | D:3      | Reached XP level 4. HP: 35/35 MP: 4/4
  3306 | D:3      | Found Xisit's Armour Shoppe.
  3398 | D:3      | You pick up a book of Decay {forbidden} and begin
                  | reading...
  3398 | D:3      | You add the spells Corpse Rot, Dispel Undead and Death
                  | Channel to your library.
  3627 | D:4      | Reached ** piety under Trog
  3796 | D:4      | Noticed a phantom
  3810 | D:4      | Killed a phantom
  3811 | D:4      | Reached skill level 1 in Unarmed Combat
  3811 | D:4      | Reached XP level 5. HP: 41/41 MP: 5/5
  4083 | D:4      | Reached XP level 6. HP: 46/48 MP: 6/6
  4274 | D:4      | Reached skill level 3 in Throwing
  4316 | D:4      | You add the spells Ignite Poison, Mephitic Cloud and
                  | Freezing Cloud to your library.
  4666 | D:4      | Reached skill level 2 in Evocations
  4743 | D:5      | Entered Level 5 of the Dungeon
  4759 | D:5      | Reached skill level 2 in Unarmed Combat
  4810 | D:5      | HP: 11/48 [poisoned by a scorpion]
  4810 | D:5      | HP: 3/48 [scorpion (6)]
  4820 | D:5      | Reached skill level 3 in Armour
  4820 | D:5      | Reached skill level 3 in Dodging
  4946 | D:5      | Found Tywowkir's Assorted Antiques.
  4946 | D:5      | Noticed a sky beast
  4971 | D:6      | Reached skill level 4 in Fighting
  4971 | D:6      | Reached XP level 7. HP: 44/54 MP: 7/7
  5217 | D:5      | Noticed Ijyb
  5228 | D:5      | Killed Ijyb
  5229 | D:5      | Reached skill level 3 in Unarmed Combat
  5502 | D:5      | Bought 2 scrolls labelled XETSUQ LINTAIC for 38 gold pieces
  5573 | D:6      | Reached skill level 4 in Throwing
  5764 | D:6      | Reached skill level 3 in Evocations
  5770 | D:6      | Gained mutation: When hurt, damage is shared between your
                  | health and your magic reserves. [demonic ancestry]
  5770 | D:6      | Reached XP level 8. HP: 51/61 MP: 8/8
  6049 | D:6      | HP: 12/61 [sky beast (5)]
  6052 | D:6      | HP: 4/61 [electric eel/bolt of electricity (3)]
  6053 | D:6      | Killed from afar by an electric eel

Vanquished Creatures
  A sky beast (D:5)
  A black bear (D:6)
  3 phantoms
  A necrophage (D:6)
  2 scorpions (D:5)
  4 hounds
  An orc priest (D:3)
  4 iguanas
  Ijyb (D:5)
  13 gnolls
  9 adders
  2 worms
  4 dart slugs
  16 orcs
  4 ball pythons
  4 endoplasms
  3 giant cockroaches
  11 hobgoblins
  A quokka (D:1)
  A frilled lizard (D:2)
  10 goblins
  7 kobolds
  8 rats
111 creatures vanquished.

Vanquished Creatures (others)
  2 demonic plants (D:1)
  3 plants
5 creatures vanquished.

Grand Total: 116 creatures vanquished

Table legend:
 A = Non-vault XP
 B = Vault XP
 C = Vault XP percentage of total XP
 D = Non-vault monster count
 E = Vault monster count
 F = Vault count percentage of total count
                 A         B        C        D         E       F
            +---------+---------+-------+---------+---------+-------
      Total |    1642 |      41 |   2.4 |     107 |       4 |   3.6
            +---------+---------+-------+---------+---------+-------
        D:1 |      24 |       0 |   0.0 |      13 |       0 |   0.0
        D:2 |      43 |       0 |   0.0 |      17 |       0 |   0.0
        D:3 |      83 |       0 |   0.0 |      16 |       0 |   0.0
        D:4 |     374 |       5 |   1.3 |      31 |       3 |   8.8
        D:5 |     578 |      36 |   5.9 |      19 |       1 |   5.0
        D:6 |     540 |       0 |   0.0 |      11 |       0 |   0.0
            +---------+---------+-------+---------+---------+-------

Illustrated notes

Table legend:
 A = Kills in this place as a percentage of kills in entire the game.
 B = Kills by you in this place as a percentage of kills by you in the entire game.
 C = Kills by friends in this place as a percentage of kills by friends in the entire game.
 D = Other kills in this place as a percentage of other kills in the entire game.
 E = Experience gained in this place as a percentage of experience gained in the entire game.
 F = Experience gained in this place divided by the number of levels of this place that you have seen.
                   A       B       C       D       E      F
               +-------+-------+-------+-------+-------+----------------------
         Total | 100.0 | 100.0 |   N/A |   N/A | 100.0 | 280.5
       Dungeon | 100.0 | 100.0 |   N/A |   N/A | 100.0 | 280.5
               +-------+-------+-------+-------+-------+----------------------

Table legend: (Time is in decaauts)
 A = Elapsed time spent in this place.
 B = Non-inter-level travel time spent in this place.
 C = Inter-level travel time spent in this place.
 D = Time resting spent in this place.
 E = Time spent auto-exploring this place.
 F = Levels seen in this place.
 G = Mean time per level.
                   A        B        C        D        E       F      G
               +--------+--------+--------+--------+--------+-----+--------+
         Total |   6199 |   5972 |    227 |   1635 |   3421 |   6 | 1033.2 |
       Dungeon |   6199 |   5972 |    227 |   1635 |   3421 |   6 | 1033.2 |
               +--------+--------+--------+--------+--------+-----+--------+

Top non-repeatable levels by time:
     D:1: 1298 daAuts
     D:3: 1193 daAuts
     D:2: 1183 daAuts
     D:4: 1157 daAuts
     D:5: 821 daAuts
     D:6: 544 daAuts
